 Dungeon Crawl Stone Soup version 0.27-a0-3-gcf006a40f5 (webtiles) character file.

Game seed: 9698019802261331169

441 wakim the Grasshopper (level 7, -3/56 HPs)
             Began as a Gnoll Warper on Jan 1, 2021.
             Killed by divine providence
             ... invoked by an orc priest
              (10 damage)
             ... on level 5 of the Dungeon.
             The game lasted 00:17:22 (3904 turns).

wakim the Grasshopper (Gnoll Warper)                Turns: 3904, Time: 00:17:22

Health: -3/56      AC:  6    Str: 16    XL:     7   Next: 2%
Magic:  15/15      EV: 18    Int: 17    God:
Gold:   243        SH:  0    Dex: 16    Spells: 17/17 levels left

rFire    . . .     SeeInvis .   b - +1 flail (drain)
rCold    . . .     Faith    .   (no shield)
rNeg     . . .     Spirit   .   c - +0 ring mail
rPois    .         Reflect  .   (no helmet)
rElec    .         Harm     .   (no cloak)
rCorr    .         Rampage  .   (no gloves)
Will     .....                  k - +0 pair of boots
Stlth    ++........             l - amulet of the acrobat
HPRegen  0.18/turn              m - ring of stealth
MPRegen  0.14/turn              p - +4 ring of evasion

@: lethally poisoned (-3 -> -7), attractive
A: distributed training, fangs 1, agile 1, clever 1, strong nose
a: no special abilities


You were on level 5 of the Dungeon.
You visited 1 branch of the dungeon, and saw 5 of its levels.

You collected 243 gold pieces.

Inventory:

Hand Weapons
 a - a +0 hand axe
 b - a +1 flail of draining (weapon)
 h - a +2 short sword of venom
 q - a +2 short sword of speed
Missiles
 e - 5 boomerangs of dispersal (quivered)
Armour
 c - a +0 ring mail (worn)
 k - a +0 pair of boots (worn)
Jewellery
 l - an amulet of the acrobat (around neck)
 m - a ring of stealth (left hand)
 p - a +4 ring of evasion (right hand)
Scrolls
 d - 3 scrolls of blinking
 f - a scroll of remove curse
 g - 2 scrolls of magic mapping {unknown}
 i - 4 scrolls of identify


   Skills:
 + Level 5.1 Fighting
 + Level 2.2 Short Blades
 + Level 2.2 Long Blades
 + Level 5.1 Axes
 + Level 2.2 Maces & Flails
 + Level 2.2 Polearms
 + Level 2.2 Staves
 + Level 2.2 Slings
 + Level 2.2 Bows
 + Level 2.2 Crossbows
 + Level 3.4 Throwing
 + Level 3.4 Armour
 + Level 5.1 Dodging
 + Level 2.2 Stealth
 + Level 2.2 Shields
 + Level 2.2 Unarmed Combat
 + Level 5.5 Spellcasting
 + Level 1.8 Conjurations
 + Level 1.8 Hexes
 + Level 1.8 Summonings
 + Level 1.8 Necromancy
 + Level 5.7 Translocations
 + Level 1.8 Transmutations
 + Level 1.8 Fire Magic
 + Level 1.8 Ice Magic
 + Level 1.8 Air Magic
 + Level 1.8 Earth Magic
 + Level 1.8 Poison Magic
 + Level 2.4 Invocations
 + Level 2.2 Evocations


You had 17 spell levels left.
You didn't know any spells.
Your spell library contained the following spells:

 Spells                   Type           Power        Failure   Level
 Blink                    Tloc           N/A          3%          2
 Gell's Gravitas          Tloc           12%          7%          3
 Lesser Beckoning         Tloc           12%          7%          3
 Teleport Other           Tloc           24%          7%          3
 Passage of Golubria      Tloc           N/A          24%         4


Dungeon Overview and Level Annotations

Branches:
Dungeon (5/15)
 Temple: D:4-7

Altars:


Innate Abilities, Weirdness & Mutations

Your experience applies equally to all skills.
You have very sharp teeth.
Your uncanny sense of smell can sniff out nearby items.
You are agile. (Dex +2)
Your mind is acute. (Int +2)


Message History

You closely miss the scorpion.
The scorpion is heavily wounded.
You feel sick. The scorpion misses you. The orc priest barely misses you.
You hit the scorpion but do no damage.
You bite the scorpion, but do no damage.
The scorpion is heavily wounded.
You feel sick. The scorpion misses you.
The orc priest hits you but does no damage.
The scorpion closely misses you.
You completely miss the scorpion.
The scorpion is heavily wounded.
You feel sick.
The orc priest hits you but does no damage.
The scorpion stings you but does no damage.
You hit the scorpion but do no damage.
The scorpion is heavily wounded.
You feel sick.
The orc priest invokes the aid of Beogh against you.
Beogh smites you!
You die... ############ #oo@s....... #.#########. #

You could see a scorpion (drained), an orc priest and an orc.

Vanquished Creatures
  An orc priest (D:3)
  2 hounds (D:4)
  2 orc wizards (D:3)
  An iguana (D:4)
  2 worker ants (D:3)
  A hound skeleton (D:4)
  3 gnolls (D:3)
  5 adders
  An ooze (D:3)
  4 worms
  2 dart slugs (D:2)
  2 leopard geckos
  18 orcs
  5 giant cockroaches
  7 goblins
  12 hobgoblins
  8 jackals
  11 kobolds
  5 quokkas
  2 bats
  2 frilled lizards
  3 rats
99 creatures vanquished.

Notes
Turn   | Place    | Note
-------+----------+-------------------------------------------
     0 | D:1      | wakim the Gnoll Warper began the quest for the Orb.
     0 | D:1      | Reached XP level 1. HP: 20/20 MP: 6/6
   279 | D:1      | Reached XP level 2. HP: 26/26 MP: 7/7
   655 | D:2      | Reached XP level 3. HP: 18/31 MP: 9/9
   659 | D:2      | Reached skill level 5 in Spellcasting
  1045 | D:2      | Reached skill level 1 in Invocations
  1075 | D:2      | Gained mutation: You are agile. (Dex +2) [potion of
                  | mutation]
  1075 | D:2      | Gained mutation: Your mind is acute. (Int +2) [potion of
                  | mutation]
  1259 | D:2      | Reached skill level 1 in Short Blades
  1259 | D:2      | Reached skill level 1 in Long Blades
  1259 | D:2      | Reached skill level 1 in Maces & Flails
  1259 | D:2      | Reached skill level 1 in Polearms
  1259 | D:2      | Reached skill level 1 in Staves
  1259 | D:2      | Reached skill level 1 in Slings
  1259 | D:2      | Reached skill level 1 in Bows
  1259 | D:2      | Reached skill level 1 in Crossbows
  1259 | D:2      | Reached skill level 1 in Stealth
  1259 | D:2      | Reached skill level 1 in Shields
  1259 | D:2      | Reached skill level 1 in Unarmed Combat
  1259 | D:2      | Reached skill level 1 in Evocations
  1551 | D:3      | Reached XP level 4. HP: 36/38 MP: 11/11
  1685 | D:3      | Reached skill level 1 in Conjurations
  1685 | D:3      | Reached skill level 1 in Hexes
  1685 | D:3      | Reached skill level 1 in Summonings
  1685 | D:3      | Reached skill level 1 in Necromancy
  1685 | D:3      | Reached skill level 1 in Transmutations
  1685 | D:3      | Reached skill level 1 in Fire Magic
  1685 | D:3      | Reached skill level 1 in Ice Magic
  1685 | D:3      | Reached skill level 1 in Air Magic
  1685 | D:3      | Reached skill level 1 in Earth Magic
  1685 | D:3      | Reached skill level 1 in Poison Magic
  1915 | D:3      | Reached XP level 5. HP: 5/43 MP: 12/12
  3100 | D:3      | Reached XP level 6. HP: 42/50 MP: 13/13
  3417 | D:4      | Reached skill level 5 in Fighting
  3417 | D:4      | Reached skill level 5 in Axes
  3417 | D:4      | Reached skill level 5 in Dodging
  3867 | D:5      | Entered Level 5 of the Dungeon
  3882 | D:4      | Reached XP level 7. HP: 54/56 MP: 15/15
  3904 | D:5      | Killed from afar by an orc priest

Illustrated notes

Levels and vault maps discovered:
D:1:      minmay_arrival_wavy_path, layout_basic
D:2:      layout_rooms, interstate_on_off
D:3:      layout_loops_ring, minivault_4
D:4:      layout_cave_pools
D:5:      layout_loops_ring, gammafunk_ghost_grave

Skill      XL: |  1  2  3  4  5  6 |
---------------+-------------------+-----
Spellcasting   | 5 |  5.5
Invocations    | 1 2 |  2.4
Short Blades   | 1 2 |  2.2
Long Blades    | 1 2 |  2.2
Maces & Flails | 1 2 |  2.2
Polearms       | 1 2 |  2.2
Staves         | 1 2 |  2.2
Slings         | 1 2 |  2.2
Bows           | 1 2 |  2.2
Crossbows      | 1 2 |  2.2
Stealth        | 1 2 |  2.2
Shields        | 1 2 |  2.2
Unarmed Combat | 1 2 |  2.2
Evocations     | 1 2 |  2.2
Conjurations   | 1 |  1.8
Hexes          | 1 |  1.8
Summonings     | 1 |  1.8
Necromancy     | 1 |  1.8
Transmutations | 1 |  1.8
Fire Magic     | 1 |  1.8
Ice Magic      | 1 |  1.8
Air Magic      | 1 |  1.8
Earth Magic    | 1 |  1.8
Poison Magic   | 1 |  1.8
Throwing       | 3 |  3.4
Armour         | 3 |  3.4
Fighting       | 5 |  5.1
Axes           | 5 |  5.1
Dodging        | 5 |  5.1
Translocations | |  5.7

Action                   |  1- 3 |  4- 6 |  7- 9 || total
-------------------------+-------+-------+-------++-------
Melee: Hand axe          |   114 |   229 |       ||   343
       Bite              |    13 |    26 |     1 ||    40
       Short sword       |     3 |       |       ||     3
       Punch             |     1 |     1 |       ||     2
       Flail             |       |    48 |    10 ||    58
  Use: Scroll            |     2 |     2 |       ||     4
       Potion            |     4 |     5 |     1 ||    10
 Stab: Sleeping          |       |     3 |       ||     3
Armor: Ring mail         |    33 |    51 |     8 ||    92
Dodge: Dodged            |    86 |   265 |    20 ||   371

Table legend: (Time is in decaauts)
 A = Elapsed time spent in this place.
 B = Non-inter-level travel time spent in this place.
 C = Inter-level travel time spent in this place.
 D = Time resting spent in this place.
 E = Time spent auto-exploring this place.
 F = Levels seen in this place.
 G = Mean time per level.
                   A        B        C        D        E       F      G
               +--------+--------+--------+--------+--------+-----+--------+
         Total |   3944 |   3865 |     79 |   1036 |   1670 |   5 |  788.8 |
       Dungeon |   3944 |   3865 |     79 |   1036 |   1670 |   5 |  788.8 |
               +--------+--------+--------+--------+--------+-----+--------+

Top non-repeatable levels by time:
     D:3: 1826 daAuts
     D:2: 1166 daAuts
     D:1: 620 daAuts
     D:4: 316 daAuts
     D:5: 14 daAuts
